 Dungeon Sprint DCSS version 0.25-a0-492-g44cc58d149 (webtiles) character file.

Game seed: 2440127395540970538, levelgen mode: deterministic

10900000 jt the Axe Maniac (level 27, -10/249 HPs)
             Began as a Formicid Fighter on Feb 11, 2020.
             Was the Champion of Makhleb.
             Killed by divine providence
             ... invoked by an observer
              (11 damage)
             ... in the Dungeon (Sprint VIII: "Arena of Blood").
             The game lasted 00:07:29 (109 turns).

jt the Axe Maniac (Formicid Fighter)                 Turns: 109, Time: 00:07:29

Health: -10/249    AC: 13    Str: 23    XL:     27
Magic:  41/54      EV: 32    Int: 10    God:    Makhleb [******]
Gold:   0          SH: 19    Dex: 19    Spells: 80/80 levels left

rFire    . . .     SeeInvis +   l - +∞ Axe of Woe
rCold    . . .     Gourm    .   c - +0 kite shield
rNeg     . . .     Faith    .   b - +0 scale mail
rPois    .         Spirit   .   (helmet unavailable)
rElec    .         Reflect  .   (no cloak)
rCorr    .         Harm     .   (no gloves)
MR       ++...                  (no boots)
Stlth    ++++++++..             (no amulet)
HPRegen  0.51/turn              (no ring)
MPRegen  0.34/turn              (no ring)

@: lethally poisoned (-10 -> -18)
A: permanent stasis, dig shafts and tunnels, four strong arms, antennae 3
a: Dig, Minor Destruction, Lesser Servant of Makhleb, Major Destruction, Greater
Servant of Makhleb, Renounce Religion


You were in the Dungeon.
You worshipped Makhleb.
Makhleb was exalted by your worship.
You were not hungry.

You visited 1 branch

Inventory:

Hand Weapons
 a - a +0 war axe
 l - the +∞ Axe of Woe (weapon)
   (You found it in the Dungeon)
Armour
 b - a +0 scale mail (worn)
 c - a +0 kite shield (worn)
Scrolls
 k - a scroll of blinking
Potions
 h - a potion of haste
 i - 2 potions of magic
 j - a potion of berserk rage
Comestibles
 f - a ration


   Skills:
 O Level 27 Fighting
 O Level 27 Axes
 O Level 27 Throwing
 O Level 27 Armour
 O Level 27 Dodging
 O Level 27 Stealth
 O Level 27 Shields
 O Level 27 Unarmed Combat
 O Level 27 Spellcasting
 O Level 27 Invocations


You had 80 spell levels left.
You didn't know any spells.
Your spell library was empty.

Dungeon Overview and Level Annotations

Branches:
Dungeon (1/1)

Altars:
Makhleb


Innate Abilities, Weirdness & Mutations

You cannot be hasted, slowed, berserked, paralysed or teleported.
You can dig through walls and to a lower floor.
Your four strong arms can wield two-handed weapons with a shield.
You have a pair of large antennae on your head. (SInv)


Message History

The eight-headed meat hydra calls on the powers of darkness!
The eight-headed meat hydra convulses!
The scourge convulses!
You feel a surge of unholy energy.
The observer convulses!
The eight-headed meat hydra convulses!
The bag of meat convulses!
You hear a shout! x2
The wretched soul breathes negative energy at you.
The bolt of negative energy misses you.
You hear a shout!
The tyrant is engulfed in blazing flames.
You feel better.
The eight-headed meat hydra appears out of thin air!
An eight-headed meat hydra comes into view.
You are engulfed in poison gas.
You are poisoned.
* * * LOW HITPOINT WARNING * * *
x2 You feel sick.
You hear a shout! x2
The observer gazes at you. Something smites you!
You die...

.............#X ...
...#.......§XX.. .....#
..%.#..%....XXX.##D....#
....###..))X§§§{. .....#
##..........o.L###.....#
_.%%%........XX.○°.....#
...#....)))#D#X○X......#
<{_#...%))))))G☼○....W=#
...#...)))#)#.#)@......#
_..))%%%))..).W........#
##.)).)))..#.#.#..#....#
....###).........#D....#
.%..#............W#....#
....#............#.S...#
...........%....... .. #
.o......#...#...... #..
.......#....#.o


You could see 4 tentacled monstrosities, a tyrant, 3 eight-headed meat hydras,
an observer (invisible), a scourge, 6 large abominations, a wretched soul
(invisible), 2 dreads and a bag of meat.

Vanquished Creatures
  6 hell beasts (D)
  7 greater mummies (D)
  3 great orbs of eyes (D)
  2 wraiths (D)
  15 vampire knights (D)
  37 ogres (D)
  6 two-headed ogres (D)
  7 liches (D)
  4 hydras (D)
  64 orcs (D)
  4 phantoms (D)
  7 skeletal warriors (D)
  7 large abominations (D)
  11 small abominations (D)
  9 crawling corpses (D)
189 creatures vanquished.

Vanquished Creatures (others)
  Edmund (D)
  2 two-headed ogres (D)
  An orc (D)
  4 crawling corpses (D)
8 creatures vanquished.

Grand Total: 197 creatures vanquished

Notes
Turn   | Place    | Note
-------+----------+-------------------------------------------
     0 | D        | Found the +∞ Axe of Woe
     0 | D        | jt the Formicid Fighter began the quest for the Orb.
     0 | D        | Reached XP level 1. HP: 18/18 MP: 1/1
     2 | D        | Noticed a bag of meat
     4 | D        | Became a worshipper of Makhleb the Destroyer
     4 | D        | Noticed a bag of meat
     7 | D        | Noticed a meat berserker
     7 | D        | Noticed a bag of meat
     7 | D        | Noticed a meat berserker
     7 | D        | Noticed a bag of meat
     8 | D        | Killed a bag of meat
     8 | D        | Reached XP level 2. HP: 24/24 MP: 2/2
     8 | D        | Reached XP level 3. HP: 29/29 MP: 3/3
     8 | D        | Reached XP level 4. HP: 35/35 MP: 4/4
     8 | D        | Reached XP level 5. HP: 41/41 MP: 5/5
     8 | D        | Reached XP level 6. HP: 47/47 MP: 6/6
     8 | D        | Reached XP level 7. HP: 52/52 MP: 7/7
     8 | D        | Reached XP level 8. HP: 58/58 MP: 8/8
     8 | D        | Reached XP level 9. HP: 64/64 MP: 9/9
     8 | D        | Reached XP level 10. HP: 70/70 MP: 10/10
     8 | D        | Reached XP level 11. HP: 75/75 MP: 11/11
     8 | D        | Reached XP level 12. HP: 81/81 MP: 12/12
     8 | D        | Noticed a meat berserker
     9 | D        | Noticed a bag of meat
    10 | D        | Killed a bag of meat
    10 | D        | Reached * piety under Makhleb
    10 | D        | Reached skill level 27 in Axes
    10 | D        | Reached skill level 15 in Fighting
    10 | D        | Reached XP level 13. HP: 117/117 MP: 13/13
    10 | D        | Noticed a bag of meat
    11 | D        | Killed a meat berserker
    11 | D        | Reached XP level 14. HP: 148/148 MP: 14/14
    11 | D        | Reached XP level 15. HP: 155/155 MP: 15/15
    11 | D        | Reached skill level 27 in Fighting
    11 | D        | Reached skill level 5 in Dodging
    11 | D        | Killed a meat berserker
    11 | D        | Reached ** piety under Makhleb
    11 | D        | Reached skill level 15 in Shields
    11 | D        | Reached XP level 16. HP: 167/167 MP: 16/16
    11 | D        | Noticed a meat berserker
    13 | D        | Noticed a meat berserker
    13 | D        | Noticed a meat berserker
    15 | D        | Noticed a meat berserker
    15 | D        | Killed a meat berserker
    15 | D        | Reached XP level 17. HP: 174/174 MP: 17/17
    15 | D        | Noticed a meat berserker
    15 | D        | Noticed a meat berserker
    16 | D        | Killed a meat berserker
    16 | D        | Reached *** piety under Makhleb
    16 | D        | Reached XP level 18. HP: 182/182 MP: 18/18
    17 | D        | Noticed a meat berserker
    17 | D        | Noticed a meat berserker
    17 | D        | Noticed a meat berserker
    17 | D        | Noticed a meat berserker
    17 | D        | Noticed a destroyer
    18 | D        | Killed a meat berserker
    18 | D        | Reached XP level 19. HP: 189/189 MP: 19/19
    18 | D        | Killed a meat berserker
    18 | D        | Reached skill level 27 in Armour
    18 | D        | Reached skill level 27 in Shields
    19 | D        | Reached **** piety under Makhleb
    19 | D        | Reached skill level 27 in Dodging
    19 | D        | Reached skill level 1 in Stealth
    19 | D        | Reached skill level 1 in Spellcasting
    19 | D        | Reached skill level 1 in Invocations
    19 | D        | Killed a meat berserker
    19 | D        | Reached XP level 20. HP: 197/197 MP: 19/33
    20 | D        | Killed a meat berserker
    20 | D        | Reached ***** piety under Makhleb
    20 | D        | Reached XP level 21. HP: 204/204 MP: 19/39
    21 | D        | Killed a meat berserker
    21 | D        | Killed a meat berserker
    22 | D        | Noticed a destroyer
    22 | D        | Reached XP level 22. HP: 212/212 MP: 19/45
    22 | D        | Killed a meat berserker
    22 | D        | Killed a meat berserker
    22 | D        | Reached skill level 27 in Stealth
    23 | D        | Killed a meat berserker
    23 | D        | Reached skill level 27 in Invocations
    23 | D        | Reached XP level 23. HP: 219/219 MP: 19/50
    23 | D        | Killed a destroyer
    23 | D        | Reached ****** piety under Makhleb
    23 | D        | Reached XP level 24. HP: 227/227 MP: 19/53
    24 | D        | Reached skill level 27 in Throwing
    24 | D        | Reached skill level 27 in Unarmed Combat
    24 | D        | Reached skill level 27 in Spellcasting
    25 | D        | Noticed a destroyer
    25 | D        | Noticed a destroyer
    26 | D        | Killed a destroyer
    26 | D        | Noticed a destroyer
    27 | D        | Reached XP level 25. HP: 234/234 MP: 20/54
    28 | D        | Noticed a large bag of meat
    28 | D        | Killed a destroyer
    28 | D        | Reached XP level 26. HP: 242/242 MP: 21/54
    29 | D        | Noticed a large bag of meat
    30 | D        | Reached XP level 27. HP: 249/249 MP: 21/54
    33 | D        | Killed a destroyer
    33 | D        | Noticed a large bag of meat
    35 | D        | Noticed a destroyer
    36 | D        | Killed a large bag of meat
    36 | D        | Noticed a destroyer
    37 | D        | Noticed a destroyer
    37 | D        | Noticed a large bag of meat
    37 | D        | Noticed a large bag of meat
    39 | D        | Killed a large bag of meat
    40 | D        | Killed a large bag of meat
    43 | D        | Noticed a destroyer
    46 | D        | Killed a destroyer
    46 | D        | Killed a destroyer
    46 | D        | Killed a large bag of meat
    46 | D        | Noticed a destroyer
    47 | D        | Noticed an accursed
    47 | D        | Killed a large bag of meat
    47 | D        | Killed an accursed
    48 | D        | Noticed a large bag of meat
    49 | D        | Killed a destroyer
    50 | D        | Noticed a tyrant
    51 | D        | Killed a destroyer
    52 | D        | Killed a destroyer
    52 | D        | Noticed a large bag of meat
    53 | D        | Noticed an accursed
    53 | D        | Noticed an accursed
    53 | D        | Noticed an accursed
    55 | D        | Noticed a destroyer
    55 | D        | Noticed a destroyer
    55 | D        | Noticed an accursed
    56 | D        | Killed a large bag of meat
    56 | D        | Noticed an accursed
    57 | D        | Killed a destroyer
    57 | D        | Noticed a destroyer
    57 | D        | Killed a large bag of meat
    58 | D        | HP: 11/249 [accursed/divine providence (13)]
    60 | D        | Noticed an accursed
    61 | D        | Noticed a dread
    61 | D        | Killed a destroyer
    62 | D        | Killed a destroyer
    64 | D        | Killed an accursed
    64 | D        | Noticed a meat beast
    65 | D        | Noticed a meat beast
    65 | D        | Killed an accursed
    65 | D        | Noticed a tyrant
    65 | D        | Noticed a meat beast
    66 | D        | Killed an accursed
    67 | D        | Noticed a dread
    68 | D        | Killed a meat beast
    70 | D        | Killed a meat beast
    70 | D        | Killed a meat beast
    71 | D        | Noticed a meat beast
    72 | D        | Noticed a tyrant
    73 | D        | Killed an accursed
    73 | D        | Killed a destroyer
    73 | D        | Killed an accursed
    74 | D        | Killed a tyrant
    75 | D        | Killed a meat beast
    75 | D        | Noticed a destroyer
    77 | D        | Killed a dread
    77 | D        | HP: 10/246 [tyrant/the air (43)]
    78 | D        | Killed an accursed
    79 | D        | Noticed a meat beast
    80 | D        | Killed a tyrant
    80 | D        | Noticed a meat beast
    82 | D        | Noticed a tyrant
    84 | D        | Killed a meat beast
    87 | D        | Killed a meat beast
    91 | D        | Killed a destroyer
    93 | D        | Noticed a tyrant
    93 | D        | Killed a tyrant
    98 | D        | Noticed a tyrant
    99 | D        | Noticed a destroyer
   100 | D        | Killed a tyrant
   100 | D        | Noticed The Defiler
   101 | D        | Noticed a tyrant
   101 | D        | Noticed a large bag of meat
   103 | D        | Noticed a tyrant
   104 | D        | Killed a destroyer
   104 | D        | Killed a dread
   105 | D        | Noticed a dread
   105 | D        | Killed a large bag of meat
   106 | D        | Killed a tyrant
   106 | D        | Killed a tyrant
   107 | D        | Killed The Defiler
   108 | D        | Noticed a dread
   108 | D        | Killed a tyrant
   108 | D        | HP: 3/246 [dread/damnation (24)]
   109 | D        | HP: 1/249 [poison (poison gas)]
   109 | D        | Killed from afar by an observer

Levels and vault maps discovered:
D:        meatsprint

Skill      XL: |  1  2  3  4  5  6  7  8  9 10 11 12 13 14 15 16 17 18 19 20 21 22 23 24 |
---------------+-------------------------------------------------------------------------+-----
Axes           | 25 27 | 27.0
Fighting       | 15 25 27 | 27.0
Armour         | 14 20 22 25 27 | 27.0
Dodging        | 12 17 19 21 27 | 27.0
Shields        | 15 21 24 26 27 | 27.0
Stealth        | 12 18 23 27 | 27.0
Spellcasting   | 9 14 19 23 26 27 | 27.0
Invocations    | 11 16 22 27 | 27.0
Throwing       | 9 14 19 23 26 27 | 27.0
Unarmed Combat | 9 14 19 23 26 27 | 27.0

Action                   |  1- 3 |  4- 6 |  7- 9 | 10-12 | 13-15 | 16-18 | 19-21 | 22-24 | 25-27 || total
-------------------------+-------+-------+-------+-------+-------+-------+-------+-------+-------++-------
Melee: Executioner's axe |     1 |       |       |     1 |     1 |     4 |     4 |     4 |    70 ||    85
  Use: Potion            |       |       |       |       |       |       |       |       |     3 ||     3
Armor: Scale mail        |       |       |       |       |       |       |       |       |     4 ||     4
Dodge: Dodged            |       |       |       |       |       |       |       |       |    10 ||    10
Block: Kite shield       |       |       |       |       |       |       |       |     1 |     8 ||     9

Table legend:
 A = Non-vault XP
 B = Vault XP
 C = Vault XP percentage of total XP
 D = Non-vault monster count
 E = Vault monster count
 F = Vault count percentage of total count
                 A         B        C        D         E       F
            +---------+---------+-------+---------+---------+-------
      Total | 3710503 | 1164094 |  23.9 |     109 |      71 |  39.4
            +---------+---------+-------+---------+---------+-------
          D | 3710503 | 1164094 |  23.9 |     109 |      71 |  39.4
            +---------+---------+-------+---------+---------+-------
